 Dungeon Crawl Stone Soup version 0.28.0-43-g3370ac3207 (webtiles) character file.

Game seed: 6206063753834054165

1036 DrunkBamboolord the Vexing (level 8, -1/60 HPs)
             Began as a Gnoll Arcane Marksman on Mar 10, 2022.
             Slain by an ice beast (13 damage)
             ... on level 6 of the Dungeon.
             The game lasted 00:28:02 (7085 turns).

DrunkBamboolord the Vexing (Gnoll Arcane Marksman)  Turns: 7085, Time: 00:28:03

Health: -1/60      AC:  5    Str: 13    XL:     8   Next: 24%
Magic:  14/14      EV: 14    Int: 12    God:
Gold:   286        SH:  0    Dex: 12    Spells: 4/15 levels left

rFire   . . .      SeeInvis .   q - +1 short sword "Hekkastr Nipa" {flame, rElec Str+3 Int-3}
rCold   . . .      Faith    .   (no shield)
rNeg    + . .      Spirit   .   d - +0 robe
rPois   .          Reflect  .   r - +2 hat
rElec   +          Harm     .   t - +0 cloak {rCorr}
rCorr   +          Rampage  .   (no gloves)
Will    .....                   (no boots)
Stlth   ++........              (no amulet)
HPRegen 0.20/turn               g - ring of positive energy
MPRegen 0.14/turn               c - ring of resist corrosion

@: no status effects
A: fangs 1, strong nose, distributed training
a: no special abilities


You were on level 6 of the Dungeon.
You visited 1 branch of the dungeon, and saw 6 of its levels.

You collected 286 gold pieces.

Inventory:

Hand Weapons
 a - a +1 hand crossbow
 b - a +3 flail of holy wrath
 q - the +1 short sword "Hekkastr Nipa" (weapon) {flame, rElec Str+3 Int-3}
   (You took it off an orc on level 3 of the Dungeon)

   It burns those it strikes, dealing additional fire damage.
   Str:       It affects your strength (+3).
   Int:       It affects your intelligence (-3).
   rElec:     It insulates you from electricity.
Missiles
 f - 3 bolts
 j - 5 poisoned darts (quivered)
Armour
 d - a +0 robe (worn)
 r - a +2 hat (worn)
 t - a +0 cloak of preservation (worn)
Jewellery
 c - a ring of resist corrosion (right hand)
 g - a ring of positive energy (left hand)
 o - a ring of ice
Wands
 k - a wand of flame (18)
Scrolls
 i - a scroll of vulnerability
 p - a scroll of noise
Potions
 e - a potion of resistance
 h - a potion of curing
 m - a potion of ambrosia
 n - a potion of magic {unknown}
 u - 2 potions of brilliance


   Skills:
 + Level 4.1 Fighting
 + Level 3.1 Short Blades
 + Level 3.1 Long Blades
 + Level 3.1 Axes
 + Level 3.1 Maces & Flails
 + Level 3.1 Polearms
 + Level 3.1 Staves
 + Level 3.1 Slings
 + Level 3.1 Bows
 + Level 5.6 Crossbows
 + Level 3.1 Throwing
 + Level 3.1 Armour
 + Level 5.6 Dodging
 + Level 3.1 Stealth
 + Level 3.1 Shields
 + Level 3.1 Unarmed Combat
 + Level 4.2 Spellcasting
 + Level 2.5 Conjurations
 + Level 6.0 Hexes
 + Level 2.5 Summonings
 + Level 2.5 Necromancy
 + Level 2.5 Translocations
 + Level 2.5 Transmutations
 + Level 2.5 Fire Magic
 + Level 2.5 Ice Magic
 + Level 2.5 Air Magic
 + Level 2.5 Earth Magic
 + Level 2.5 Poison Magic
 + Level 3.4 Invocations
 + Level 3.1 Evocations


You had 4 spell levels left.
You knew the following spells:

 Your Spells              Type           Power      Damage    Failure   Level
a - Slow                  Hex            68%        N/A       1%          1
b - Portal Projectile     Hex/Tloc       24%        N/A       11%         3
c - Inner Flame           Hex/Fire       12%        N/A       11%         3
d - Cause Fear            Hex            8%         N/A       19%         4

Your spell library contained the following spells:

 Spells                   Type           Power      Damage    Failure   Level
 Summon Small Mammal      Summ           32%        N/A       8%          1
 Summon Guardian Golem    Hex/Summ       12%        N/A       11%         3
 Call Canine Familiar     Summ           8%         N/A       22%         3


Dungeon Overview and Level Annotations

Branches:
Dungeon (6/15)
 Temple: D:4-7

Altars:
Hepliaklqana
Beogh


Innate Abilities, Weirdness & Mutations

You have very sharp teeth.
Your uncanny sense of smell can sniff out nearby items.
Your experience applies equally to all skills.


Message History

The bullfrog is severely wounded.
The bullfrog hits you! The bullfrog barely misses you.
You closely miss the bullfrog.
The bullfrog is severely wounded.
The bullfrog hits you.
You hit the bullfrog. You burn the bullfrog.
You kill the bullfrog!
You barely miss the ice beast.
The ice beast hits you but does no damage.
You hit the ice beast.
You melt the ice beast.
The ice beast is moderately wounded.
The ice beast barely misses you.
You closely miss the ice beast.
The ice beast is moderately wounded.
The ice beast hits you but does no damage.
You closely miss the ice beast.
The ice beast is moderately wounded.
The ice beast misses you.
You hit the ice beast.
You melt the ice beast.
The ice beast is heavily wounded.
The ice beast barely misses you.
You hit the ice beast but do no damage.
The ice beast is heavily wounded.
The ice beast barely misses you.
You hit the ice beast.
You melt the ice beast.
The ice beast is severely wounded.
You hit the ice beast.
You melt the ice beast.
The ice beast is almost dead.
The ice beast hits you. The ice beast freezes you!
* * * LOW HITPOINT WARNING * * *
You hit the ice beast.
You melt the ice beast.
The ice beast is almost dead.
The ice beast barely misses you.
You hit the ice beast but do no damage.
You bite the ice beast, but do no damage.
The ice beast is almost dead.
The ice beast hits you.
* * * LOW HITPOINT WARNING * * *
The ice beast freezes you!
You die...

##.###.............#
#..##.......[.....#
##.##.......).....#
#.>'.............#
####.......).....#
####'#'########
#.#........ #####
#.######### #...#
#@# #...# #Y#
####.#####...###.#
.(...........†...#
.............######
...................
.............######
............##
............#


You could see an ice beast.

Vanquished Creatures
  A sky beast (D:5)
  A necrophage (D:5)
  A black bear (D:5)
  The ghost of joakim the Slasher, an amateur MiBe of Trog (D:3)
  2 bullfrogs (D:6)
  2 scorpions
  A water moccasin zombie (D:6)
  A jelly (D:5)
  2 orc priests
  2 iguanas (D:5)
  3 gnolls (D:5)
  A howler monkey skeleton (D:6)
  7 adders
  An ufetubus (D:5)
  A worm (D:2)
  4 dart slugs
  24 orcs
  5 bats
  2 endoplasms (D:4)
  4 giant cockroaches
  7 goblins
  7 hobgoblins
  3 jackals (D:2)
  3 quokkas
  4 ball pythons
  3 frilled lizards
  5 kobolds
  8 rats
  A spectral kobold (D:3)
107 creatures vanquished.

Notes
Turn   | Place    | Note
-------+----------+-------------------------------------------
     0 | D:1      | DrunkBamboolord the Gnoll Arcane Marksman began the quest
                  | for the Orb.
     0 | D:1      | Reached XP level 1. HP: 17/17 MP: 4/4
   193 | D:1      | Reached XP level 2. HP: 23/23 MP: 5/5
   601 | D:2      | Reached XP level 3. HP: 15/28 MP: 7/7
   740 | D:2      | Learned a level 3 spell: Portal Projectile
   744 | D:2      | Learned a level 3 spell: Inner Flame
   794 | D:2      | Reached skill level 1 in Invocations
  1059 | D:2      | Reached skill level 1 in Short Blades
  1059 | D:2      | Reached skill level 1 in Long Blades
  1059 | D:2      | Reached skill level 1 in Axes
  1059 | D:2      | Reached skill level 1 in Maces & Flails
  1059 | D:2      | Reached skill level 1 in Polearms
  1059 | D:2      | Reached skill level 1 in Staves
  1059 | D:2      | Reached skill level 1 in Slings
  1059 | D:2      | Reached skill level 1 in Bows
  1059 | D:2      | Reached skill level 1 in Throwing
  1059 | D:2      | Reached skill level 1 in Armour
  1059 | D:2      | Reached skill level 1 in Stealth
  1059 | D:2      | Reached skill level 1 in Shields
  1059 | D:2      | Reached skill level 1 in Unarmed Combat
  1059 | D:2      | Reached skill level 1 in Evocations
  1133 | D:2      | Reached XP level 4. HP: 34/34 MP: 8/8
  2008 | D:3      | Reached skill level 1 in Conjurations
  2008 | D:3      | Reached skill level 1 in Summonings
  2008 | D:3      | Reached skill level 1 in Necromancy
  2008 | D:3      | Reached skill level 1 in Translocations
  2008 | D:3      | Reached skill level 1 in Transmutations
  2008 | D:3      | Reached skill level 1 in Fire Magic
  2008 | D:3      | Reached skill level 1 in Ice Magic
  2008 | D:3      | Reached skill level 1 in Air Magic
  2008 | D:3      | Reached skill level 1 in Earth Magic
  2008 | D:3      | Reached skill level 1 in Poison Magic
  2152 | D:3      | You fall into a shaft and drop 2 floors!
  2152 | D:5      | Entered Level 5 of the Dungeon
  2199 | D:5      | Reached XP level 5. HP: 5/40 MP: 9/9
  2441 | D:5      | Noticed a necrophage
  2485 | D:5      | Killed a necrophage
  2486 | D:5      | Reached XP level 6. HP: 44/47 MP: 4/11
  2763 | D:5      | Reached skill level 5 in Crossbows
  2763 | D:5      | Reached skill level 5 in Dodging
  3338 | D:3      | Found a hazy altar of Hepliaklqana.
  3625 | D:3      | Found a runed translucent gate.
  3625 | D:3      | Found a runed translucent gate.
  3625 | D:3      | Found a runed translucent gate.
  3628 | D:3      | Noticed joakim's ghost (amateur MiBe)
  3628 | D:3      | Identified the +1 short sword "Hekkastr Nipa" {flame, rElec
                  | Str+3 Int-3}
  3628 | D:3      | Identified the +1 scale mail of Idealism {-Cast +Inv rPois
                  | Will+++ Dex-3}
  4542 | D:3      | Killed joakim's ghost
  4543 | D:3      | Reached XP level 7. HP: 33/52 MP: 12/12
  4683 | D:4      | Learned a level 4 spell: Cause Fear
  6429 | D:6      | Reached skill level 6 in Hexes
  6429 | D:6      | Reached XP level 8. HP: 42/60 MP: 14/14
  7085 | D:6      | Slain by an ice beast

Illustrated notes

Levels and vault maps discovered:
D:1:      saegor_arrival_miasma, layout_basic
D:2:      layout_basic
D:3:      layout_rooms, nicolae_hepliaklqana_monster_ancestors,
          biasface_ghost_orc_armoury, chequers_serial_rivers_micro_c
D:4:      layout_rooms
D:5:      layout_basic, small_statue_intersection
D:6:      layout_basic, interstate_on_off

Skill      XL: |  1  2  3  4  5  6  7  8 |
---------------+-------------------------+-----
Invocations    | 1 2 3 |  3.4
Short Blades   | 1 2 3 |  3.1
Long Blades    | 1 2 3 |  3.1
Axes           | 1 2 3 |  3.1
Maces & Flails | 1 2 3 |  3.1
Polearms       | 1 2 3 |  3.1
Staves         | 1 2 3 |  3.1
Slings         | 1 2 3 |  3.1
Bows           | 1 2 3 |  3.1
Throwing       | 1 2 3 |  3.1
Armour         | 1 2 3 |  3.1
Stealth        | 1 2 3 |  3.1
Shields        | 1 2 3 |  3.1
Unarmed Combat | 1 2 3 |  3.1
Evocations     | 1 2 3 |  3.1
Spellcasting   | 3 4 |  4.2
Conjurations   | 1 2 |  2.5
Summonings     | 1 2 |  2.5
Necromancy     | 1 2 |  2.5
Translocations | 1 2 |  2.5
Transmutations | 1 2 |  2.5
Fire Magic     | 1 2 |  2.5
Ice Magic      | 1 2 |  2.5
Air Magic      | 1 2 |  2.5
Earth Magic    | 1 2 |  2.5
Poison Magic   | 1 2 |  2.5
Fighting       | 3 4 |  4.1
Crossbows      | 5 |  5.6
Dodging        | 5 |  5.6
Hexes          | 6 |  6.0

Action                   |  1- 3 |  4- 6 |  7- 9 || total
-------------------------+-------+-------+-------++-------
Melee: Unarmed           |       |    15 |       ||    15
       Flail             |       |    11 |    92 ||   103
       Hand crossbow     |       |     4 |       ||     4
       Bite              |       |     2 |    15 ||    17
       Punch             |       |     1 |     5 ||     6
       Short sword       |       |       |    70 ||    70
 Fire: Hand crossbow     |    79 |   151 |    21 ||   251
Throw: Dart              |       |     5 |       ||     5
 Cast: Slow              |     6 |    15 |     2 ||    23
       Portal Projectile |       |     7 |       ||     7
       Inner Flame       |       |     4 |       ||     4
       Cause Fear        |       |       |     4 ||     4
  Use: Scroll            |       |     8 |     2 ||    10
       Potion            |       |     2 |     1 ||     3
 Stab: Sleeping          |       |       |     2 ||     2
Armor: Robe              |     5 |    14 |    74 ||    93
Dodge: Dodged            |    24 |    76 |   118 ||   218
